 Dungeon Crawl Stone Soup version 0.18-a0-596-g6468885 (webtiles) character file.

15 4thArraOfDagon the Slasher (level 2, 0/30 HPs)
             Began as a Naga Gladiator on Dec 3, 2015.
             Succumbed to a worker ant's poison
             ... on level 4 of the Dungeon.
             The game lasted 00:00:37 (81 turns).

4thArraOfDagon the Slasher (Naga Gladiator)           Turns: 81, Time: 00:00:37

Health: 0/30       AC:  3    Str: 17    XL:     2   Next: 50%
Magic:  2/2        EV: 10    Int:  8    God:
Gold:   0          SH:  0    Dex: 11    Spells: 0 memorised, 1 level left

rFire  . . .     SeeInvis +     a - +0 long sword
rCold  . . .     Clarity  .     b - +0 leather armour
rNeg   . . .     SustAt   .     (no shield)
rPois  +         Gourm    .     c - +0 helmet
rElec  .         Spirit   .     (no cloak)
rCorr  .         Dismiss  .     (no gloves)
rMut   .         Stasis   .     (no barding)
MR     .....                    (no amulet)
Stlth  +.........               (no ring)
                                (no ring)

@: lethally poisoned (0 -> -3), short of breath, very slow, not resistant to
hostile enchantments, very unstealthy
A: see invisible, deformed body, poison resistance, slowness 2, slow metabolism
1, spit poison 2, AC +0
a: Spit Poison


You were on level 4 of the Dungeon.
You were not hungry.

You visited 1 branch of the dungeon, and saw 3 of its levels.

Inventory:

Hand Weapons
 a - a +0 long sword (weapon)
Missiles
 d - 2 throwing nets (quivered)
Armour
 b - a +0 leather armour (worn)
 c - a +0 helmet (worn)
Scrolls
 f - a scroll of magic mapping {unknown}
Comestibles
 e - 2 bread rations


   Skills:
 + Level 4.2 Fighting
 * Level 6.0 Long Blades
 - Level 1.7 Throwing
 + Level 3.8 Dodging


You had one spell level left.
You didn't know any spells.

Dungeon Overview and Level Annotations

Branches:
Dungeon (4/15)
 Temple: D:4-7

Altars:

Annotations:
D:4 Pikel


Innate Abilities, Weirdness & Mutations

You cannot wear boots.
Your serpentine skin is tough (AC +0).
You have supernaturally acute eyesight.
Armour fits poorly on your strangely shaped body.
Your system is resistant to poisons.
You cover ground very slowly.
You have a slow metabolism.
You can spit poison.


Message History

Aim: a giant cockroach (clinging)
The splash of poison hits the hound.
The hound is poisoned.
The hound is lightly wounded.
You feel slightly more hungry.
* * * LOW HITPOINT WARNING * * *
You feel sick. The hound closely misses you.
Unknown command.
Unknown command.
You aren't carrying any potions.
Throwing (i - inventory):
d - 3 throwing nets (quivered)
Press: ? - help, Shift-Dir - straight line, f/p - giant cockroach
Aim: a giant cockroach (clinging)
You throw a throwing net. The throwing net hits the hound.
The hound is caught in the net!
The hound is lightly wounded.
The hound struggles to escape the net.
The hound struggles against the net.
Unknown command.
You slash the hound!
The hound is almost dead.
You die...

# #.# .# #.#
#.###.#
###.####.#...
..........(># .
#.#.#..#.#.#..#
..%...p.......#
#.#.#l.O....:<.
#.#.Ka.#.#.....
#@#.p..........
#.hsaap.##....#
######### ..#$#
.# # #


You could see a slave, a hound (caught), 2 worker ants and a giant cockroach.

Vanquished Creatures
  2 jackals (D:2)
  A giant gecko (D:1)
3 creatures vanquished.

Notes
Turn   | Place    | Note
--------------------------------------------------------------
     0 | D:1      | 4thArraOfDagon the Naga Gladiator began the quest for the Orb.
     0 | D:1      | Reached XP level 1. HP: 19/19 MP: 1/1
    71 | D:2      | You fall through a shaft for 2 floors!
    71 | D:4      | Noticed Pikel
    71 | D:4      | Noticed a slave
    71 | D:4      | Noticed a slave
    71 | D:4      | Noticed a slave
    71 | D:4      | Noticed a worker ant
    71 | D:4      | Noticed a worker ant
    71 | D:4      | Noticed a hound
    74 | D:4      | Noticed a slave
    75 | D:4      | Noticed an ogre
    78 | D:4      | Reached skill level 4 in Fighting
    78 | D:4      | Reached skill level 6 in Long Blades
    78 | D:4      | Reached XP level 2. HP: 2/30 MP: 2/2
    79 | D:4      | HP: 1/30 [poisoned by a worker ant]
    81 | D:4      | Succumbed to a worker ant's poison

Vault maps used:
D:1:      scummos_arrival_forest, serial_park_tiny_2
D:2:      kennysheep_generic_room_11, uniq_crazy_yiuf_cottage
D:4:      nicolae_overflow_crystal_walls, uniq_pikel

Action                   || total
-------------------------++-------
Melee: Long sword        ||     6
Throw: Throwing net      ||     1
 Abil: Spit Poison       ||     2
  Use: Potion            ||     1
